 Dungeon Sprint DCSS version 0.23.2-30-g0e89c35649 (webtiles) character file.

Game seed: 5331934118201232402

1290 Kobolds4U the Carver (level 8, -8/82 HPs)
             Began as a Minotaur Berserker on June 14, 2019.
             Was an Elder of Trog.
             Mangled by a centaur warrior (13 damage)
             ... in the Dungeon (Sprint I: "Red Sonja").
             The game lasted 00:01:57 (452 turns).

Kobolds4U the Carver (Minotaur Berserker)            Turns: 452, Time: 00:01:57

Health: -8/82      AC:  3    Str: 21    XL:     8   Next: 30%
Magic:  7/7        EV: 18    Int:  4    God:    Trog [****..]
Gold:   405        SH:  0    Dex: 13    Spells: 7/7 levels left

rFire    . . .     SeeInvis .   a - +0 falchion
rCold    . . .     Gourm    .   (no shield)
rNeg     . . .     Faith    .   k - +0 leather armour
rPois    .         Spirit   .   (helmet restricted)
rElec    .         Reflect  .   (no cloak)
rCorr    .         Harm     .   (no gloves)
MR       .....     NoTele   +   (no boots)
Stlth    +.........             (no amulet)
HPRegen  0.23/turn              (no ring)
MPRegen  0.10/turn              (no ring)

@: no status effects
A: retaliatory headbutt, horns 2
a: Berserk, Trog's Hand, Brothers in Arms, Renounce Religion


You were in the Dungeon.
You worshipped Trog.
Trog was greatly pleased with you.
You were not hungry.

You visited 1 branch You collected 405 gold pieces.

Inventory:

Hand Weapons
 a - a +0 falchion (weapon)
Armour
 k - a +0 leather armour (worn)
Scrolls
 b - a scroll of enchant weapon {unknown}
 i - a scroll of blinking
Potions
 d - a potion of curing
 e - a potion of heal wounds
 f - a potion of haste
 g - 2 potions of magic
 h - a potion of berserk rage
Comestibles
 c - 2 rations (quivered)


   Skills:
 - Level 11.3 Fighting
 - Level 14.9 Long Blades
 - Level 2.4 Armour
 * Level 10.7 Dodging


You had 7 spell levels left.
You didn't know any spells.
Your spell library was empty.

Dungeon Overview and Level Annotations

Branches:
Dungeon (1/1)

Altars:
Cheibriados
Dithmenos
Elyvilon
Fedhas
Gozag
Hepliaklqana
Kikubaaqudgha
Makhleb
Nemelex Xobeh
Okawaru
Qazlal
Ru
Sif Muna
Trog
Uskayaw
Vehumet
Wu Jian
Xom
Yredelemnul
Zin
The Shining One
Jiyva
Lugonu

Shops:
D (


Innate Abilities, Weirdness & Mutations

You reflexively headbutt those who attack you in melee.
You have a pair of horns on your head.


Message History

The centaur warrior is moderately wounded.
The centaur warrior misses you.
You hit the centaur warrior.
The centaur warrior is moderately wounded.
You hit the centaur warrior.
The centaur warrior is moderately wounded.
The centaur warrior hits you.
You hit the centaur warrior. You headbutt the centaur warrior!
The centaur warrior is heavily wounded.
The centaur warrior hits you!
* * * LOW HITPOINT WARNING * * *
You closely miss the centaur warrior. You headbutt the centaur warrior!
The centaur warrior is severely wounded.
The centaur warrior hits you!
* * * LOW HITPOINT WARNING * * *
You hit the centaur warrior but do no damage.
You headbutt the centaur warrior.
The centaur warrior is severely wounded.
The centaur warrior hits you!
You die...

##########################
#<.#..)..#..'..#__#..'.).#
#..'[.#..').#.('..'..#)..#
#..#####'#####@#__####...+
#..####..#...#c####%§#####
#..#__####..##.#≈≈§§
#..#_____##'#_.§§≈≈c§
#⌠⌠#_.∩...'..._#≈≈§§c#
####_..__##_.#'##+####
#_____###+#.# ####### ###


You could see a centaur warrior.

Vanquished Creatures
  2 kobold demonologists (D)
  A slime creature (D)
  Sigmund (D)
  A yak (D)
  A floating eye (D)
  An ogre (D)
  A jelly (D)
  Ijyb (D)
9 creatures vanquished.

Notes
Turn   | Place    | Note
-------+----------+-------------------------------------------
     0 | D        | Kobolds4U the Minotaur Berserker began the quest for the
                  | Orb.
     0 | D        | Reached XP level 1. HP: 19/19 MP: 0/0
     1 | D        | Noticed Ijyb
     9 | D        | Killed Ijyb
     9 | D        | Reached skill level 5 in Fighting
     9 | D        | Reached skill level 6 in Long Blades
     9 | D        | Reached XP level 2. HP: 25/29 MP: 1/1
    52 | D        | Noticed an ogre
    55 | D        | Killed an ogre
    55 | D        | Reached skill level 9 in Long Blades
    55 | D        | Reached XP level 3. HP: 39/39 MP: 2/2
    55 | D        | Reached XP level 4. HP: 47/47 MP: 3/3
   100 | D        | Noticed Sigmund
   108 | D        | Killed Sigmund
   108 | D        | Reached ** piety under Trog
   108 | D        | Reached skill level 12 in Long Blades
   108 | D        | Reached XP level 5. HP: 52/57 MP: 4/4
   108 | D        | Reached XP level 6. HP: 58/64 MP: 5/5
   123 | D        | Found an ornate altar of the Wu Jian Council.
   123 | D        | Found a deep blue altar of Sif Muna.
   125 | D        | Found a radiant altar of Vehumet.
   134 | D        | Found Ziagiec's Antique Weapon Emporium.
   134 | D        | Found an ancient bone altar of Kikubaaqudgha.
   134 | D        | Found a hazy altar of Hepliaklqana.
   134 | D        | Found a stormy altar of Qazlal.
   134 | D        | Found a hide-covered altar of Uskayaw.
   134 | D        | Found a blossoming altar of Fedhas.
   134 | D        | Found a bloodstained altar of Trog.
   134 | D        | Found an iron altar of Okawaru.
   134 | D        | Found a basalt altar of Yredelemnul.
   134 | D        | Found a glowing golden altar of the Shining One.
   134 | D        | Found a snail-covered altar of Cheibriados.
   134 | D        | Found a sacrificial altar of Ru.
   134 | D        | Found a glowing silver altar of Zin.
   134 | D        | Found a shadowy altar of Dithmenos.
   134 | D        | Found a white marble altar of Elyvilon.
   134 | D        | Noticed a yak
   135 | D        | Found an opulent altar of Gozag.
   143 | D        | Killed a yak
   143 | D        | Reached skill level 10 in Fighting
   143 | D        | Reached skill level 13 in Long Blades
   144 | D        | Found a sparkling altar of Nemelex Xobeh.
   202 | D        | Found a burning altar of Makhleb.
   202 | D        | Found a viscous altar of Jiyva.
   202 | D        | Found a shimmering altar of Xom.
   202 | D        | Found a corrupted altar of Lugonu.
   202 | D        | Noticed a slime creature
   208 | D        | Killed a slime creature
   208 | D        | Reached *** piety under Trog
   208 | D        | Reached skill level 14 in Long Blades
   208 | D        | Reached XP level 7. HP: 55/74 MP: 6/6
   302 | D        | Noticed a kobold demonologist
   302 | D        | Noticed a kobold demonologist
   306 | D        | Reached skill level 5 in Dodging
   308 | D        | Noticed a hellwing
   310 | D        | Noticed a smoke demon
   314 | D        | Killed a kobold demonologist
   314 | D        | Reached XP level 8. HP: 82/82 MP: 7/7
   320 | D        | Noticed a soul eater
   320 | D        | Killed a kobold demonologist
   320 | D        | Reached **** piety under Trog
   320 | D        | Reached skill level 10 in Dodging
   437 | D        | Noticed a centaur warrior
   439 | D        | Noticed a centaur warrior
   452 | D        | Mangled by a centaur warrior

Skill      XL: |  1  2  3  4  5  6  7  8 |
---------------+-------------------------+-----
Fighting       | 5 7 9 11 | 11.3
Long Blades    | 6 9 12 14 | 14.9
Dodging        | 8 10 | 10.7
Armour         | |  2.4

Action                   |  1- 3 |  4- 6 |  7- 9 || total
-------------------------+-------+-------+-------++-------
Melee: Falchion          |     9 |    22 |    22 ||    53
       Headbutt          |     2 |     9 |     5 ||    16
Invok: Berserk           |     1 |       |     1 ||     2
Armor: Animal skin       |     1 |       |       ||     1
       Leather armour    |       |     1 |     2 ||     3
Dodge: Dodged            |     4 |     7 |    12 ||    23
       Rpst.: Falchion   |     2 |     2 |     2 ||     6
